 Dungeon Crawl Stone Soup version 0.24.0-37-gcf1ca852f1 (webtiles) character file.

Game seed: 7378669839722564161, levelgen mode: deterministic

112 Daemon1337 the Insei (level 4, -3/28 HPs)
             Began as an Octopode Transmuter on Nov 24, 2019.
             Killed from afar by Sigmund (6 damage)
             ... with a magic dart
             ... on level 3 of the Dungeon.
             The game lasted 00:10:09 (3618 turns).

Daemon1337 the Insei (Octopode Transmuter)          Turns: 3618, Time: 00:10:10

Health: -3/28      AC:  1    Str:  9    XL:     4   Next: 93%
Magic:  1/7        EV: 13    Int: 16    God:
Gold:   109        SH:  0    Dex: 12    Spells: 4/7 levels left

rFire    . . .     SeeInvis .     - Unarmed
rCold    . . .     Gourm    .   (no shield)
rNeg     . . .     Faith    .   (helmet restricted)
rPois    .         Spirit   .   (no amulet)
rElec    .         Reflect  .   c - ring of attention (curse)
rCorr    .         Harm     .   (no ring)
MR       .....                  (no ring)
Stlth    ++........             (no ring)
HPRegen  0.09/turn              (no ring)
MPRegen  0.10/turn              (no ring)
                                (no ring)
                                (no ring)

@: appendage (expiring)
A: almost no armour, stealthy swim, amphibious, 8 rings, constrict 8, tentacle
spike 3, camouflage 1, gelatinous body 1
a: End Transformation


You were on level 3 of the Dungeon.
You were not hungry.
One of your tentacles had a temporary spike.
You visited 1 branch of the dungeon, and saw 3 of its levels.

You collected 109 gold pieces.

Inventory:

Missiles
 a - 45 arrows
Armour
 b - a +0 pair of gloves
Jewellery
 c - a cursed ring of attention (left tentacle)
Scrolls
 d - 2 scrolls of teleportation
 e - 2 scrolls of identify
 g - a scroll of immolation {unknown}
 h - a scroll of remove curse {unknown}
 k - a scroll of enchant armour {unknown}
 n - a scroll of fog {unknown}
Potions
 f - a potion of flight {unknown}
 i - a potion of haste {unknown}
 j - a potion of cancellation {unknown}
 o - a potion of magic {unknown}
Comestibles
 l - 3 chunks of flesh
 m - 2 rations


   Skills:
 + Level 1.0 Fighting
 + Level 2.5 Dodging
 + Level 3.6 Stealth
 + Level 4.0 Unarmed Combat
 + Level 2.3 Spellcasting
 + Level 2.1 Transmutations


You had 4 spell levels left.
You knew the following spells:

 Your Spells              Type           Power        Failure   Level  Hunger
a - Beastly Appendage     Tmut           #.....       9%          1    #......
b - Sticks to Snakes      Tmut           #.......     12%         2    ###....

Your spell library contained the following spells:

 Spells                   Type           Power        Failure   Level  Hunger
 Spider Form              Tmut/Pois      #.........   36%         3    ###....
 Ice Form                 Ice/Tmut       #.......     78%         4    #####..
 Blade Hands              Tmut           #.........   92%         5    ######.


Dungeon Overview and Level Annotations

Branches:
Dungeon (3/15)

Altars:
The Shining One

Annotations:
D:3 Robin, Sigmund


Innate Abilities, Weirdness & Mutations

You cannot wear most types of armour.
You are very stealthy in the water. (Stealth+)
You are amphibious.
You can wear up to eight rings at the same time.
You can use your tentacles to constrict eight enemies at once.
Your skin changes colour to match your surroundings (Stealth+).
Your rubbery body absorbs attacks. (AC +1, EV +1)
One of your tentacles bears a large vicious spike.


Message History

The ooze hits you.
You tentacle-slap the ooze. You squeeze the ooze, but do no damage.
The ooze is heavily wounded.
Something hits you! The ooze hits you.
You tentacle-slap the ooze.
The ooze is severely wounded.
The ooze barely misses you. Something barely misses you.
You tentacle-slap the ooze.
You kill the ooze!
Your transformation is almost over.
Something hits you but does no damage.
You barely miss something. You squeeze something! You closely miss something.
Your tentacle-slap misses something.
Something hits you!
* * * LOW HITPOINT WARNING * * *
You closely miss something.
Your tentacle spike misses something.
You hear some strange, mumbled words.
A magic dart appears from out of thin air!
The magic dart hits you.
You die...

#..# ...... #..#
.....g #..# .....g
#..# ###### #..#
...... #..######
..?### #........
.# #.# #.##.# #
#@# #.##.##. #{#
#.##.#.# #.#
#.##.##. #.#
#.##.# # #.#
#####.##.# # #.#
#.....##.###
#.#####.#........>
#...J.......g.....
#.........####.###


There were no monsters in sight!

Vanquished Creatures
  Natasha (D:2)
  A hound skeleton (D:3)
  An adder (D:2)
  2 oozes
  A dart slug (D:3)
  A leopard gecko (D:3)
  An orc (D:3)
  2 giant cockroaches
  7 goblins
  7 hobgoblins
  3 jackals (D:3)
  A quokka (D:3)
  7 bats
  4 frilled lizards
  8 kobolds
  5 rats
52 creatures vanquished.

Notes
Turn   | Place    | Note
-------+----------+-------------------------------------------
     0 | D:1      | Daemon1337 the Octopode Transmuter began the quest for the
                  | Orb.
     0 | D:1      | Reached XP level 1. HP: 13/13 MP: 3/3
   345 | D:1      | Reached XP level 2. HP: 14/18 MP: 5/5
   715 | D:1      | Reached skill level 1 in Stealth
  1981 | D:2      | Reached XP level 3. HP: 11/23 MP: 6/6
  2008 | D:2      | Noticed Natasha
  2154 | D:2      | Killed Natasha
  2431 | D:2      | Reached XP level 4. HP: 21/28 MP: 7/7
  3043 | D:3      | Noticed Sigmund
  3044 | D:3      | Noticed Robin
  3149 | D:3      | Found a glowing golden altar of the Shining One.
  3151 | D:3      | Noticed an ogre
  3306 | D:3      | Learned a level 2 spell: Sticks to Snakes
  3368 | D:3      | Reached skill level 4 in Unarmed Combat
  3618 | D:3      | Killed from afar by Sigmund

Levels and vault maps discovered:
D:1:      onia_arrival_mini_spirals, layout_basic
D:2:      layout_basic, uniq_natasha
D:3:      layout_loops_ring, minitemple, first_ration, st_stairs_7, uniq_robin,
          uniq_sigmund

Skill      XL: |  1  2  3  4 |
---------------+-------------+-----
Stealth        | 1 2 3 |  3.6
Unarmed Combat | 4 |  4.0
Fighting       | |  1.0
Dodging        | |  2.5
Spellcasting   | |  2.3
Transmutations | |  2.1

Action                   |  1- 3 |  4- 6 || total
-------------------------+-------+-------++-------
Melee: Unarmed           |    66 |    63 ||   129
       Constrict         |    17 |    17 ||    34
       Tentacles         |     9 |     8 ||    17
       Kick              |     3 |     1 ||     4
       Punch             |     1 |       ||     1
 Cast: Beastly Appendage |     2 |     2 ||     4
       Sticks to Snakes  |       |     3 ||     3
  Use: Scroll            |     2 |     1 ||     3
 Stab: Sleeping          |     7 |     6 ||    13
  Eat: Ration            |     1 |       ||     1
       Chunk             |     1 |     4 ||     5
Armor: Skin              |    10 |     5 ||    15
Dodge: Dodged            |    51 |    37 ||    88
